 Dungeon Crawl Stone Soup version 0.23.2-33-g5129a83184 (webtiles) character file.

Game seed: 16464937469853017036

214 Folque001 the Conjurer (level 5, 0/41 HPs)
             Began as a Demigod Conjurer on Aug 1, 2019.
             Succumbed to an adder's poison
             ... on level 3 of the Dungeon.
             The game lasted 00:07:30 (3389 turns).

Folque001 the Conjurer (Demigod Conjurer)           Turns: 3389, Time: 00:07:31

Health: 0/41       AC:  2    Str: 13      XL:     5   Next: 33%
Magic:  1/13       EV: 12    Int: 20 (21) God:
Gold:   226        SH:  0    Dex: 16      Spells: 5/11 levels left

rFire    . . .     SeeInvis .   w - +1 short sword
rCold    . . .     Gourm    .   (no shield)
rNeg     . . .     Faith    .   a - +0 robe
rPois    .         Spirit   .   (helmet restricted)
rElec    .         Reflect  .   (no cloak)
rCorr    .         Harm     .   (no gloves)
MR       .....                  (no boots)
Stlth    ++........             (no amulet)
HPRegen  0.13/turn              (no ring)
MPRegen  0.13/turn              (no ring)

@: lethally poisoned (0 -> -2), very slightly contaminated
A: horns 1, high mp 1, robust 1, strong 1
a: no special abilities


You were on level 3 of the Dungeon.
You were not hungry.

You visited 1 branch of the dungeon, and saw 4 of its levels.

You collected 226 gold pieces.

Inventory:

Hand Weapons
 d - a +0 spear
 o - a +0 falchion
 q - a +1 hand axe of venom
 w - a +1 short sword (weapon)
Armour
 a - a +0 robe (worn)
 j - a +0 ring mail
Wands
 g - a wand of iceblast (3)
Scrolls
 f - 3 scrolls of teleportation
 i - a scroll of enchant weapon
 p - a scroll of amnesia {unknown}
Potions
 e - 2 potions of agility
Comestibles
 c - 2 rations


   Skills:
 - Level 1.7 Dodging
 - Level 1.7 Stealth
 + Level 3.5 Spellcasting
 + Level 4.5 Conjurations
 * Level 2.3 Hexes


You had 5 spell levels left.
You knew the following spells:

 Your Spells              Type           Power        Failure   Level  Hunger
a - Magic Dart            Conj           ###.         1%          1    None
b - Searing Ray           Conj           ###...       3%          2    ##.....
c - Dazzling Spray        Conj/Hex       ###...       10%         3    ###....

Your spell library contained the following spells:

 Spells                   Type           Power        Failure   Level  Hunger
 Iskenderun's Mystic Bla  Conj           ###.....     21%         4    ####...
 Fulminant Prism          Conj/Hex       ###.......   32%         4    ####...
 Force Lance              Conj/Tloc      ##......     47%         4    ####...


Dungeon Overview and Level Annotations

Branches:
Dungeon (4/15)
 Temple: D:4-7


Innate Abilities, Weirdness & Mutations

You have an increased reservoir of magic. (+10% MP)
You have a pair of small horns on your head.
You are robust. (+10% HP)
Your muscles are strong. (Str +2)


Message History

You feel sick.
The worker ant waves its antennae.
The worker ant bites you.
* * * LOW HITPOINT WARNING * * *
Evoke which item? (* to show all) (? for menu, Esc to quit)
Aiming: Iceblast
Press: ? - help, Shift-Dir - straight line, p - worker ant The mass of ice explodes!
The iceblast engulfs the worker ant!
You kill the worker ant!
Really quaff the potion of mutation?
You feel extremely strange.
You feel healthier.
Your hooves expand and flesh out into feet!
You feel stupid.
You feel robust. A pair of horns grows on your head!
* * * LOW HITPOINT WARNING * * *
You feel sick.
Okay, then.
* * * LOW HITPOINT WARNING * * *
You feel sick.
You die...

##### #########...#
#######.@.........#
#.......###..##...#
#.###...###..###†##
#.##.....##..# #.#
#####.#.[........#
#.#
#........#..####.#
#.## #.###.#.##..#
#.# #>.# #.#
#.......####.# ##.#
#.# ######.......#
#.#


There were no monsters in sight!

Vanquished Creatures
  A scorpion (D:4)
  A worker ant (D:3)
  5 adders
  2 oozes
  2 worms
  3 dart slugs (D:1)
  4 leopard geckos
  3 orcs
  A giant cockroach (D:3)
  7 goblins
  6 hobgoblins
  6 jackals
  10 kobolds
  2 quokkas
  6 bats
  4 frilled lizards
  7 rats
70 creatures vanquished.

Notes
Turn   | Place    | Note
-------+----------+-------------------------------------------
     0 | D:1      | Folque001 the Demigod Conjurer began the quest for the Orb.
     0 | D:1      | Reached XP level 1. HP: 14/14 MP: 5/5
   307 | D:1      | Reached XP level 2. HP: 18/20 MP: 7/7
   349 | D:1      | Learned a level 2 spell: Searing Ray
   888 | D:1      | Reached skill level 4 in Conjurations
   888 | D:1      | Reached XP level 3. HP: 26/26 MP: 9/9
  1164 | D:2      | Learned a level 3 spell: Dazzling Spray
  1235 | D:2      | Found a sparkling altar of Nemelex Xobeh.
  1856 | D:2      | Found a sacrificial altar of Ru.
  2000 | D:3      | Reached XP level 4. HP: 30/33 MP: 7/11
  2069 | D:3      | Reached skill level 1 in Hexes
  3094 | D:4      | Gained mutation: Your muscles are strong. (Str +2) [potion
                  | of mutation]
  3094 | D:4      | Gained mutation: Your body sometimes deteriorates upon
                  | taking damage. [potion of mutation]
  3094 | D:4      | Gained mutation: Your mind is acute. (Int +2) [potion of
                  | mutation]
  3094 | D:4      | Gained mutation: You have large cloven feet. [potion of
                  | mutation]
  3094 | D:4      | HP: 1/33 [scorpion (7)]
  3096 | D:4      | Reached XP level 5. HP: 12/38 MP: 0/13
  3382 | D:3      | Lost mutation: Your body sometimes deteriorates upon taking
                  | damage. [potion of mutation]
  3382 | D:3      | Lost mutation: You have large cloven feet. [potion of
                  | mutation]
  3382 | D:3      | Lost mutation: Your mind is acute. (Int +2) [potion of
                  | mutation]
  3382 | D:3      | Gained mutation: You are robust. (+10% HP) [potion of
                  | mutation]
  3382 | D:3      | Gained mutation: You have a pair of small horns on your
                  | head. [potion of mutation]
  3382 | D:3      | HP: 1/41 [poisoned by an adder]
  3389 | D:3      | Succumbed to an adder's poison

Skill      XL: |  1  2  3  4 |
---------------+-------------+-----
Spellcasting   | 2 3 |  3.5
Conjurations   | 4 |  4.5
Hexes          | 2 |  2.3
Dodging        | |  1.7
Stealth        | |  1.7

Action                   |  1- 3 |  4- 6 || total
-------------------------+-------+-------++-------
Melee: Spear             |     9 |       ||     9
       Short sword       |    65 |    34 ||    99
       Unarmed           |     3 |       ||     3
 Cast: Magic Dart        |    24 |     5 ||    29
       Searing Ray       |    14 |    12 ||    26
       Dazzling Spray    |     1 |     3 ||     4
Evoke: Wand              |       |     2 ||     2
  Use: Scroll            |     4 |     5 ||     9
       Potion            |       |     3 ||     3
 Stab: Sleeping          |     7 |     3 ||    10
       Invisible         |       |     1 ||     1
  Eat: Chunk             |     4 |     3 ||     7
       Ration            |       |     1 ||     1
Armor: Robe              |    18 |    12 ||    30
Dodge: Dodged            |    78 |    37 ||   115
